 Dungeon Crawl Stone Soup version 0.23.2 (webtiles) character file.

Game seed: 11887115998265328133

29 Norn the Magician (level 3, 0/24 HPs)
             Began as a Mummy Wizard on Apr 9, 2019.
             Slain by an adder (3 damage)
             ... on level 1 of the Dungeon.
             The game lasted 00:04:56 (1516 turns).

Norn the Magician (Mummy Wizard)                    Turns: 1516, Time: 00:04:56

Health: 0/24       AC:  3    Str: 10    XL:     3   Next: 1%
Magic:  0/8        EV: 12    Int: 18    God:
Gold:   37         SH:  0    Dex: 10    Spells: 7/10 levels left

rFire    x . .     SeeInvis .   (no weapon)
rCold    + . .     Gourm    .   (no shield)
rNeg     + + +     Faith    .   a - +0 robe
rPois    ∞         Spirit   .   b - +0 hat
rElec    .         Reflect  .   (no cloak)
rCorr    .         Harm     .   e - +0 pair of gloves
MR       .....                  (no boots)
Stlth    ++........             (no amulet)
HPRegen  0.08/turn              (no ring)
MPRegen  0.11/turn              (no ring)

@: very slightly contaminated
A: no food or potions, fire vulnerability, cold resistance 1, negative energy
resistance 3, torment resistance, unbreathing
a: no special abilities


You were on level 1 of the Dungeon.
You were not hungry.

You visited 1 branch of the dungeon, and saw 2 of its levels.

You collected 37 gold pieces.

Inventory:

Missiles
 c - 16 stones (quivered)
Armour
 a - a +0 robe (worn)
 b - a +0 hat (worn)
 e - a +0 pair of gloves (worn)
   (You found it on level 1 of the Dungeon)
Scrolls
 d - a scroll of remove curse {unknown}


   Skills:
 - Level 1.5 Dodging
 - Level 1.5 Stealth
 - Level 4.0 Spellcasting
 + Level 2.4 Conjurations
 - Level 0.7 Summonings
   Level 0.7 Translocations


You had 7 spell levels left.
You knew the following spells:

 Your Spells              Type           Power        Failure   Level  Hunger
a - Magic Dart            Conj           ##..         5%          1    N/A
x - Call Imp              Summ           #.......     17%         2    N/A

Your spell library contained the following spells:

 Spells                   Type           Power        Failure   Level  Hunger
 Blink                    Tloc           N/A          17%         2    N/A
 Slow                     Hex            #.......     22%         2    N/A
 Conjure Flame            Conj/Fire      #.......     26%         3    N/A
 Mephitic Cloud           Conj/Pois/Air  #.......     32%         3    N/A

Dungeon Overview and Level Annotations

Branches:
Dungeon (2/15)

Altars:


Innate Abilities, Weirdness & Mutations

You do not eat or drink.
Your flesh is vulnerable to fire.
You are immune to poison.
Your flesh is cold resistant. (rC+)
You are immune to negative energy. (rN+++)
You are immune to unholy pain and torment.
You can survive without breathing.


Message History

You barely miss the adder. The adder closely misses you.
The adder bites you but does no damage.
Your crimson imp closely misses the adder.
You hit the adder but do no damage. The adder misses you.
Your crimson imp closely misses the adder.
You closely miss the adder. The adder misses you.
Your crimson imp misses the adder.
You barely miss the adder. The adder bites you. x2
Your crimson imp misses the adder.
You hit the adder. The adder bites you.
Your crimson imp blinks!
Aim: an adder (lightly wounded)
The magic dart hits the adder.
The adder bites you.
* * * LOW HITPOINT WARNING * * *
The adder barely misses you. The adder closely misses you.
Your crimson imp blinks!
The adder misses you.
Your crimson imp misses the adder.
Found a scroll labeled HATYVACAPT.
The adder bites you.
* * * LOW HITPOINT WARNING * * *
Your crimson imp misses the adder.
The adder bites you.
* * * LOW HITPOINT WARNING * * *
Your crimson imp barely misses the adder.
The adder bites you but does no damage.
Things that are here:
a +0 dagger; 3 stones Your crimson imp blinks!
There is a stone staircase leading up here.
The adder bites you.
* * * LOW HITPOINT WARNING * * *
The adder completely misses you.
You climb upwards.
There is a stone staircase leading down here.
You miscast Call Imp.
You are very lightly contaminated with residual magic.
Strange energies run through your body. The adder barely misses you.
Unknown command.
The adder bites you but does no damage. The adder bites you.
* * * LOW HITPOINT WARNING * * *
The adder misses you. The adder bites you but does no damage.
The adder bites you.
* * * LOW HITPOINT WARNING * * *
A beastly little devil appears in a puff of flame.
The adder closely misses you. The adder bites you.
You die...

####...## #.......##
#......).####
#........÷..# ##
#........##.# ##.
#.##....###.# ##..
#.##....# #.#########.##
#.###.#.# #...........#
#.# #.#@# #####.####..##
#.# #.#S# ##.#.###.#..
#.###.#.#####.###.......
#.......5...##.#.###.###
########...........#.##.
#.##.###......##.
#.##.##....#..##.
#.##.##.#....###.
#.##.##.#.#.## #.


You could see an adder and a friendly crimson imp.

Vanquished Creatures
  2 dart slugs (D:1)
  A leopard gecko (D:1)
  2 ball pythons (D:1)
  8 bats (D:1)
  A hobgoblin (D:1)
  2 frilled lizards (D:1)
  A goblin (D:1)
  3 kobolds
  4 rats
24 creatures vanquished.

Vanquished Creatures (collateral kills)
  A dart slug (D:1)
1 creature vanquished.

Grand Total: 25 creatures vanquished

Notes
Turn   | Place    | Note
-------+----------+-------------------------------------------
     0 | D:1      | Norn the Mummy Wizard began the quest for the Orb.
     0 | D:1      | Reached XP level 1. HP: 13/13 MP: 5/5
   214 | D:1      | Reached skill level 1 in Conjurations
   613 | D:1      | Reached XP level 2. HP: 19/19 MP: 4/7
   623 | D:1      | Learned a level 2 spell: Call Imp
  1470 | D:2      | Reached XP level 3. HP: 23/24 MP: 5/8
  1516 | D:1      | Slain by an adder

Skill      XL: |  1  2 |
---------------+-------+-----
Conjurations   | 1 2 |  2.4
Dodging        | |  1.5
Stealth        | |  1.5
Spellcasting   | |  4.0
Summonings     | |  0.7
Translocations | |  0.7

Action                   || total
-------------------------++-------
Melee: Unarmed           ||    13
 Cast: Magic Dart        ||    54
       Call Imp          ||     5
Armor: Robe              ||     8
Dodge: Dodged            ||    21
